Description

Quick zergling/baneling cheese. Once you get to 12 workers on mineral and 3 on gas you're just building zerglings and banelings, zero upgrades, push before 3 and 1/2 minutes. All-in

Build Order

Why is there no SALT encoding or Overwolf build?

    0:00  Drone  
    0:07  Drone  
    0:17  Overlord  
    0:36  Spawning Pool  
    0:37  Extractor  
    1:23  Queen  
    1:25  Zergling x6  
    1:35  Zergling x2  
    1:38  Baneling Nest  
    1:57  Zergling x2  
Spawning Tool Build Advisor. Get it on Overwolf

Go to:

Details

  • Created by: SoScustiN
  • Published on: Mar 13, 2023
  • Modified on: Mar 13, 2023
  • Patch: 5.0.11
  • Difficulty: Easy
Show

Export as new Build Order

Comments (0)

There are no comments. Be the first!

Create an account to comment!